 Dungeon Crawl Stone Soup version 0.31.0-12-g77e489cdc1 (webtiles) character file.

Game seed: 13269775436510600436

102 retardedninja the Firebug (level 4, -1/25 HPs)
             Began as a Gargoyle Fire Elementalist on Feb 28, 2024.
             Slain by Grinder (7 damage)
             ... on level 3 of the Dungeon.
             The game lasted 00:04:04 (3848 turns).

retardedninja the Firebug (GrFE)                    Turns: 3848, Time: 00:04:05

Health: -1/25      AC:  6    Str: 12    XL:     4   Next: 77%
Magic:  1/8        EV: 12    Int: 17    God:
Gold:   134        SH:  0    Dex: 10    Spells: 5/8 levels left

rFire   . . .        b - +0 mace
rCold   . . .        (no shield)
rNeg    + . .        a - +0 robe
rPois   ∞            (no helmet)
rElec   +            f - +0 cloak
rCorr   .            (no gloves)
SInv    .            (no boots)
Will    .....        (no amulet)
Stlth   ++           (no ring)
HPRegen 0.24/turn    (no ring)
MPRegen 0.11/turn

%: no passive effects
@: brilliant
A: sickness immunity, AC +3, negative energy resistance 1, electricity
resistance, torment resistance 1, petrification resistance
a: no special abilities


You were on level 3 of the Dungeon.
You visited 1 branch of the dungeon, and saw 3 of its levels.

You collected 134 gold pieces.

Inventory:

Hand Weapons
 b - a +0 mace (weapon)
Missiles
 c - 4 silver javelins
Armour
 a - a +0 robe (worn)
 f - a +0 cloak (worn)
Jewellery
 o - a +6 ring of dexterity
Scrolls
 j - a scroll of blinking {unknown}
 l - a scroll of identify {unknown}
 n - a scroll of fog {unknown}
 p - a scroll of noise {unknown}
Potions
 d - a potion of haste {unknown}
 e - a potion of ambrosia {unknown}
 g - a potion of degeneration {unknown}
 h - a potion of lignification {unknown}
 i - a potion of might {unknown}
 k - 2 potions of brilliance
 m - a potion of curing {unknown}


   Skills:
 + Level 1.1 Fighting
 - Level 2.0 Dodging
 - Level 2.8 Stealth
 + Level 2.6 Spellcasting
 + Level 2.3 Conjurations
 + Level 3.6 Fire Magic


You had 5 spell levels left.
You knew the following spells:

 Your Spells              Type           Power      Damage    Failure   Level
a - Foxfire               Conj/Fire      72%        2x1d7     5%          1
b - Scorch                Fire           42%        2d6       6%          2

Your spell library contained the following spells:

 Spells                   Type           Power      Damage    Failure   Level
 Inner Flame              Hex/Fire       12%        N/A       26%         3
 Volatile Blastmotes      Fire/Tloc      24%        2d12      26%         3
 Flame Wave               Conj/Fire      18%        2d7       47%         4


Dungeon Overview and Level Annotations

Branches:
Dungeon (3/15)

Altars:
Makhleb

Annotations:
D:3 Grinder


Innate Abilities, Weirdness & Mutations

You are immune to sickness and miasma.
Your stone body is resilient. (AC +3)
You are immune to poison.
You resist negative energy. (rN+)
You are resistant to electric shocks. (rElec)
You are resistant to unholy torment.
You are immune to petrification.


Message History

Confirm with . or Enter, or press ? or * to list all spells.
Flames lash Grinder.
Grinder is severely wounded.
Grinder's fire resistance burns away.
Grinder gestures at you. Pain shoots through your body! Grinder hits you.
You closely miss Grinder.
Grinder is severely wounded.
Grinder is no longer more vulnerable to fire.
Grinder blinks!
Grinder gestures at you.
You suddenly lose the ability to move!
Grinder gestures at you.
You barely resist. Grinder gestures at you. Pain shoots through your body!
* * * LOW HITPOINT WARNING * * *
Grinder gestures at you.
You barely resist. Grinder gestures at you.
You shrug off the repeated paralysis!
You can move again.
It was a potion of brilliance.
You feel clever all of a sudden.
Okay, then.
Casting: Foxfire (safe; 5% risk of failure)
Press: ? - help, Q - select action, (/) - cycle Dir - look around, f - activate
Okay, then.
You closely miss Grinder.
Grinder is severely wounded.
Grinder hits you but does no damage.
You barely miss Grinder.
Grinder is severely wounded.
Grinder closely misses you. Grinder completely misses you.
You closely miss Grinder.
Grinder is severely wounded.
Grinder hits you!
You die...
Grinder says, "Now the real fun starts!"

......#.# #.#
#.######### ##.####.#
#.# #<# #.....#.# #.#
#.# #####.#.# #.# #.#
###### # #.#.# #.#
#.# #..... # #.#.#
#.# #.# #.#### #
#.#.# #.# #.# #.# #
#.#.# #.# #.# #.#
#####.#.# #@# #.# #.#
........# #5# #.# #.#
#####.##########.#
#.# #.#
#............# #.#
#.#
#..################.#
#.####
#..##........)......#
#.....
#..##.###############
###### #..##.#
#.)##.#


You could see Grinder.

Vanquished Creatures
  Terence (D:2)
  3 adders (D:2)
  2 dart slugs
  3 bats
  4 endoplasms
  2 giant cockroaches (D:1)
  5 goblins
  2 hobgoblins (D:1)
  3 quokkas
  8 ball pythons
  3 frilled lizards
  4 kobolds
  5 rats
45 creatures vanquished.

Vanquished Creatures (others)
  184 foxfires
184 creatures vanquished.

Grand Total: 229 creatures vanquished

Notes
Turn   | Place    | Note
-------+----------+-------------------------------------------
     0 | D:1      | retardedninja the Gargoyle Fire Elementalist began the
                  | quest for the Orb.
     0 | D:1      | Reached XP level 1. HP: 10/10 MP: 3/3
   234 | D:1      | Reached XP level 2. HP: 15/15 MP: 1/5
  1585 | D:2      | Reached XP level 3. HP: 19/19 MP: 2/6
  1925 | D:2      | Learned a level 2 spell: Scorch
  2249 | D:2      | Reached XP level 4. HP: 24/24 MP: 3/7
  2317 | D:2      | Noticed Terence
  2330 | D:2      | Killed Terence
  2841 | D:3      | Found a faded altar of an unknown god.
  3105 | D:3      | Reached skill level 1 in Fighting
  3714 | D:3      | Found a burning altar of Makhleb.
  3815 | D:3      | Noticed Grinder
  3818 | D:3      | Paralysed by Grinder for 3 turns
  3840 | D:3      | Paralysed by Grinder for 5 turns
  3848 | D:3      | Slain by Grinder

Illustrated notes

Levels and vault maps discovered:
D:1:      evilmike_arrival_rings, layout_basic
D:2:      layout_basic, uniq_terence
D:3:      layout_basic, mainiacjoe_overflow_alcove_2,
          hellmonk_ecumenical_altar_zigzags, uniq_grinder

Skill      XL: |  1  2  3  4 |
---------------+-------------+-----
Dodging        | 2 |  2.0
Conjurations   | 2 |  2.3
Fighting       | 1 |  1.1
Stealth        | |  2.8
Spellcasting   | |  2.6
Fire Magic     | |  3.6

Action                     |  1- 3 |  4- 6 || total
---------------------------+-------+-------++-------
  Melee: Unarmed           |     2 |       ||     2
         Mace              |       |     6 ||     6
   Cast: Foxfire           |    76 |    36 ||   112
         Scorch            |       |     9 ||     9
    Use: Potion            |       |     2 ||     2
 Armour: Robe              |     7 |     8 ||    15
  Dodge: Dodged            |    15 |    11 ||    26
